cohdb
Replays
Latest Replays
All Replays
Popular Replays
Top Player Replays
Match Explorer
How It Works
Community
CoH3 Stats
Reddit
Sign in to upload your games and track your stats! →
Sign in with Steam
Match 20296427
Unlisted
Match 20296427
Overview
Messages
Build Orders
End
Construct Barracks
Selects Armored Battlegroup
Selects Veteran Crews
Riflemen Squad
Riflemen Squad
Riflemen Squad
Infantry Support Center
Munitions Surplus
M1918 Browning Automatic Rifles
Construct Motor Pool
M1 Mortar Team
Selects Strength in Steel
Construct Medical Station
M1 Anti-tank Gun Team
Construct Tank Depot
Selects Seek and Destroy
Selects UNKNOWN (2160077)
Engineer Squad
Selects M31 Recovery Vehicle
Grenade Package
Selects War Machine
M4A3E8 Sherman Easy Eight
Survival Training
Advanced Logistics
M4A3E8 Sherman Easy Eight
Riflemen Squad
Riflemen Squad
M31 Recovery Vehicle
kuzu1
ShadowStorm
sunsetistaken
kerem
á's
MajorZ14
大樂透號碼全都中
专项反恐会计师
0
0
Comments
sign in to comment!
No comments posted yet!